 Dungeon Sprint DCSS version 0.21.0-3-g78d12a8 (webtiles) character file.

496 wojtek the Cleaver (level 6, -3/62 HPs)
             Began as a Minotaur Berserker on Jan 13, 2018.
             Was an Elder of Trog.
             Killed from afar by a burning bush (12 damage)
             ... with a puff of flame
             ... in the Dungeon (Sprint IV: "Fedhas' Mad Dash").
             The game lasted 00:01:45 (666 turns).

wojtek the Cleaver (Minotaur Berserker)              Turns: 666, Time: 00:01:46

Health: -3/62      AC:  2    Str: 23    XL:     6   Next: 93%
Magic:  4/5        EV: 15    Int:  4    God:    Trog [****..]
Gold:   88         SH:  0    Dex: 10    Spells: 5/5 levels left

rFire    . . .     SeeInvis .   a - +0 hand axe
rCold    . . .     Gourm    .   (no shield)
rNeg     . . .     Faith    .   b - +0 animal skin
rPois    .         Spirit   .   (helmet restricted)
rElec    .         Reflect  .   (no cloak)
rCorr    .         Harm     .   (no gloves)
MR       .....     NoTele   +   (no boots)
Stlth    +.........             n - amulet of invisibility {+Inv}
HPRegen  0.20/turn              (no ring)
MPRegen  0.09/turn              (no ring)

@: berserk cooldown, very slightly contaminated, slowed, very slow
A: retaliatory headbutt, horns 2
a: Berserk, Trog's Hand, Brothers in Arms, Burn Spellbooks, Renounce Religion,
Evoke Invisibility


You were in the Dungeon.
You worshipped Trog.
Trog was greatly pleased with you.
You were hungry.

You visited 1 branch You collected 88 gold pieces.

Inventory:

Hand Weapons
 a - a +0 hand axe (weapon)
Missiles
 l - 8 poisoned tomahawks (quivered)
Armour
 b - a +0 animal skin (worn)
Jewellery
 n - the amulet of invisibility (around neck) {+Inv}
   (You found it in the Dungeon)

   [amulet of nothing]

   It lets you turn invisible.
Scrolls
 i - a scroll of blinking
 m - a scroll of identify {unknown}
Potions
 d - a potion of curing
 e - a potion of heal wounds
 f - a potion of haste
 g - 2 potions of magic
 h - a potion of berserk rage
 j - a potion of brilliance {unknown}
Comestibles
 c - a ration


   Skills:
 + Level 8.8 Fighting
 * Level 11.6 Axes
 + Level 8.3 Armour
 + Level 7.6 Dodging


You had 5 spell levels left.
You didn't know any spells.

Dungeon Overview and Level Annotations

Branches:
Dungeon (1/1)

Altars:
Cheibriados
Dithmenos
Elyvilon
Gozag
Hepliaklqana
Kikubaaqudgha
Makhleb
Nemelex Xobeh
Okawaru
Qazlal
Ru
Sif Muna
Trog
Uskayaw
Vehumet
Wu Jian
Xom
Yredelemnul
Zin
The Shining One
Beogh
Jiyva
Lugonu

Shops:
D [%


Innate Abilities, Weirdness & Mutations

You reflexively headbutt those who attack you in melee.
You have a pair of horns on your head.


Message History

You're too confused to move!
You are no longer berserk.
You are exhausted.
You feel yourself slow down.
The wandering mushroom closely misses you.
You barely miss the wandering mushroom.
The wandering mushroom is severely damaged.
The burning bush throws fire at you. The puff of flame hits you!
The wandering mushroom releases spores at you!
You are engulfed in a cloud of spores!
Unknown command.
The burning bush throws fire at you. The puff of flame hits you!
* * * LOW HITPOINT WARNING * * *
You feel less confused.
There is an open door here.
The burning bush throws fire at you. The puff of flame hits you!
You die...

######################
._._._.⌠.#.()...#....#
_._._._..'..#...#...P+
._._._...#..###'##.%$#
_._._._..#..##∩∩@'..f#
._._._.⌠.#############
##########


You could see a wandering mushroom and a burning bush.

Vanquished Creatures
  A wandering mushroom (D)
  2 scorpions (D)
  3 oklob saplings (D)
  A worker ant (D)
  2 spriggans (D)
  A river rat (D)
  A rat (D)
11 creatures vanquished.

Notes
Turn   | Place    | Note
-------+----------+-------------------------------------------
     0 | D        | wojtek the Minotaur Berserker began the quest for the Orb.
     0 | D        | Reached XP level 1. HP: 19/19 MP: 0/0
     8 | D        | Reached skill level 4 in Axes
     8 | D        | Reached XP level 2. HP: 19/27 MP: 1/1
   140 | D        | Noticed an oklob sapling
   141 | D        | Killed an oklob sapling
   141 | D        | Reached ** piety under Trog
   141 | D        | Reached skill level 6 in Axes
   141 | D        | Reached XP level 3. HP: 35/35 MP: 2/2
   144 | D        | Found the amulet of invisibility {+Inv}
   146 | D        | Reached skill level 5 in Fighting
   268 | D        | Found an opulent altar of Gozag.
   268 | D        | Found a hazy altar of Hepliaklqana.
   268 | D        | Found a burning altar of Makhleb.
   268 | D        | Found a roughly hewn altar of Beogh.
   268 | D        | Found a sparkling altar of Nemelex Xobeh.
   268 | D        | Found a snail-covered altar of Cheibriados.
   268 | D        | Found a sacrificial altar of Ru.
   268 | D        | Found a deep blue altar of Sif Muna.
   268 | D        | Found a shimmering altar of Xom.
   268 | D        | Found a basalt altar of Yredelemnul.
   269 | D        | Found a viscous altar of Jiyva.
   269 | D        | Found a bloodstained altar of Trog.
   269 | D        | Found an ornate altar of the Wu Jian Council.
   269 | D        | Noticed an oklob sapling priest
   270 | D        | Found an iron altar of Okawaru.
   270 | D        | Found a shadowy altar of Dithmenos.
   270 | D        | Found a glowing silver altar of Zin.
   271 | D        | Found an ancient bone altar of Kikubaaqudgha.
   271 | D        | Found a hide-covered altar of Uskayaw.
   272 | D        | Found a stormy altar of Qazlal.
   272 | D        | Found a white marble altar of Elyvilon.
   272 | D        | Found a glowing golden altar of the Shining One.
   273 | D        | Found a corrupted altar of Lugonu.
   273 | D        | Found a radiant altar of Vehumet.
   289 | D        | Killed an oklob sapling priest
   289 | D        | Reached skill level 7 in Axes
   289 | D        | Reached skill level 5 in Armour
   289 | D        | Reached XP level 4. HP: 8/44 MP: 1/3
   557 | D        | Reached *** piety under Trog
   557 | D        | Reached skill level 8 in Axes
   557 | D        | Reached skill level 5 in Dodging
   557 | D        | Reached XP level 5. HP: 51/51 MP: 1/4
   589 | D        | Reached skill level 9 in Axes
   643 | D        | Found Inepaloc's Food Shop.
   643 | D        | Found Seduskea's Armour Emporium.
   649 | D        | Noticed a burning bush
   649 | D        | Noticed a wandering mushroom
   650 | D        | Noticed a wandering mushroom
   654 | D        | Reached **** piety under Trog
   654 | D        | Reached skill level 10 in Axes
   654 | D        | Reached XP level 6. HP: 61/61 MP: 3/5
   655 | D        | Killed a wandering mushroom
   655 | D        | Reached skill level 11 in Axes
   666 | D        | Killed from afar by a burning bush

Skill      XL: |  1  2  3  4  5  6 |
---------------+-------------------+-----
Fighting       | 4 6 7 8 |  8.8
Axes           | 4 6 7 8 10 11 | 11.6
Armour         | 3 4 5 7 8 |  8.3
Dodging        | 3 4 5 6 7 |  7.6

Action                   |  1- 3 |  4- 6 || total
-------------------------+-------+-------++-------
Melee: Hand axe          |    21 |    14 ||    35
       Headbutt          |     6 |     5 ||    11
Invok: Berserk           |     1 |     2 ||     3
 Abil: Evoke Invisibilit |     1 |     2 ||     3
 Stab: Invisible         |     2 |     2 ||     4
       Sleeping          |     1 |     1 ||     2
  Eat: Chunk             |       |     2 ||     2
Armor: Animal skin       |       |     1 ||     1
Dodge: Dodged            |     5 |     9 ||    14
